 Dungeon Crawl Stone Soup version 0.16.2-12-gd0ad4c3 (webtiles) character file.

951 Kloppie the Cutter (level 7, -5/56 HPs)
             Began as a Minotaur Assassin on Oct 27, 2015.
             Killed from afar by an orc wizard (7 damage)
             ... with a puff of frost
             ... on level 5 of the Dungeon.
             The game lasted 00:08:00 (3155 turns).

Kloppie the Cutter (Minotaur Assassin)              Turns: 3155, Time: 00:08:00

Health: -5/56      AC: 12    Str: 16    XL:     7   Next: 90%
Magic:  3/3        EV:  4    Int:  8    God:
Gold:   170        SH:  0    Dex: 13    Spells: 0 memorised, 6 levels left

rFire  . . .     SeeInvis .     s - +0 short sword
rCold  . . .     Clarity  .     i - +0 plate armour
rNeg   . . .     SustAb   .     (no shield)
rPois  .         Gourm    .     (helmet restricted)
rElec  .         Spirit   .     d - +0 cloak
rCorr  .         Warding  .     h - +0 pair of gloves
rMut   .         Stasis   .     (no boots)
MR     .....                    (no amulet)
Stlth  ..........               (no ring)
                                (no ring)

@: not resistant to hostile enchantments, extremely unstealthy
A: retaliatory headbutt, horns 2
a: no special abilities


You were on level 5 of the Dungeon.
You were hungry.

You visited 1 branch of the dungeon, and saw 5 of its levels.

You collected 170 gold pieces.

Inventory:

Hand weapons
 a - a +2 dagger
 b - a +0 blowgun
 s - a +0 short sword (weapon)
Missiles
 e - 24 poisoned needles
 f - 2 curare-tipped needles
Armour
 c - a +0 robe
 d - a +0 cloak (worn)
 h - a +0 pair of gloves (worn)
 i - a +0 plate armour (worn)
 J - a +2 robe of magic resistance
Jewellery
 j - an uncursed ring of magical power {unknown}
 q - an uncursed ring of sustain abilities {unknown}
 x - an uncursed ring of stealth {unknown}
 A - an uncursed ring of magical power {unknown}
 K - an uncursed ring of see invisible {unknown}
 M - an uncursed ring of poison resistance {unknown}
 N - a cursed ring of loudness {unknown}
 O - an uncursed ring of stealth {unknown}
 P - a +2 ring of protection {unknown}
Scrolls
 k - 5 scrolls of remove curse {unknown}
 m - 3 scrolls of blinking {unknown}
 n - 2 scrolls of enchant armour {unknown}
 r - 4 scrolls of identify {unknown}
 t - a scroll of enchant weapon {unknown}
 w - 5 scrolls of teleportation {unknown}
 y - a scroll of recharging {unknown}
 z - a scroll of fog {unknown}
 H - a scroll of magic mapping {unknown}
Potions
 l - a potion of might {unknown}
 o - a potion of restore abilities {unknown}
 u - a potion of poison {unknown}
 B - 2 potions of brilliance {unknown}
 C - 2 potions of berserk rage {unknown}
 E - a potion of magic {unknown}
 G - 2 potions of mutation {unknown}
 I - a potion of cancellation {unknown}
 L - a potion of haste {unknown}
Comestibles
 g - 6 bread rations
 p - 4 meat rations
 v - 6 fruits
 D - 2 beef jerkies
 F - a slice of pizza


   Skills:
 - Level 2.4 Fighting
 + Level 7.4 Short Blades
 - Level 2.0 Throwing
 - Level 1.1 Dodging
 + Level 6.6 Stealth


You had 6 spell levels left.
You didn't know any spells.

Dungeon Overview and Level Annotations

Branches:
Dungeon (5/15)
 Temple: D:4-7

Altars:
Ashenzari

Annotations:
D:5 Blork the orc


Innate Abilities, Weirdness & Mutations

You reflexively headbutt those who attack you in melee.
You have a pair of horns on your head.


Message History

You hear some strange, mumbled words.
The magic dart hits you!
* * * LOW HITPOINT WARNING * * *
You hit something but do no damage. Your headbutt misses something.
The orc wizard hits you but does no damage.
The adder zombie bites you but does no damage.
Something hits you!
* * * LOW HITPOINT WARNING * * *
You closely miss something. You headbutt something.
The orc wizard hits you but does no damage.
The adder zombie bites you but does no damage.
You barely miss something.
The orc wizard gestures at you while chanting.
The magic dart hits you!
* * * LOW HITPOINT WARNING * * *
Something hits you but does no damage. The adder zombie bites you.
* * * LOW HITPOINT WARNING * * *
The orc wizard points at you and mumbles some strange words.
The puff of frost hits you!
You die...

. .## ..#
..$ #.##
##.####..#
......#..
.........#
......$o{#
........@#
.......Z)#
#######..#
#... #####


You could see an orc wizard and an adder zombie.

Vanquished Creatures
  Pikel (D:4)
  A phantom (D:4)
  An ogre (D:4)
  2 hounds (D:4)
  An orc priest (D:5)
  A centaur skeleton (D:4)
  A jelly (D:4)
  2 orc wizards (D:4)
  3 adders (D:2)
  A worm (D:3)
  A giant mite (D:2)
  3 giant geckos
  15 orcs
  8 bats
  5 giant cockroaches
  4 goblins
  7 hobgoblins
  5 jackals
  3 giant newts
  6 kobolds
  2 quokkas (D:3)
  9 rats
82 creatures vanquished.

Vanquished Creatures (others)
  A slave (D:4)
  A phantom (D:4)
  An adder (D:4)
  A bat (D:4)
  A goblin (D:4)
  A kobold (D:4)
  A quokka skeleton (D:4)
7 creatures vanquished.

Grand Total: 89 creatures vanquished

Notes
Turn   | Place    | Note
--------------------------------------------------------------
     0 | D:1      | Kloppie, the Minotaur Assassin, began the quest for the Orb.
     0 | D:1      | Reached XP level 1. HP: 18/18 MP: 1/1
   141 | D:1      | Reached XP level 2. HP: 23/25 MP: 1/1
   454 | D:1      | You fall through a shaft!
   528 | D:2      | Reached XP level 3. HP: 24/30 MP: 2/2
   836 | D:2      | Found a shattered altar of Ashenzari.
  1029 | D:3      | Reached skill level 4 in Stealth
  1036 | D:3      | Reached XP level 4. HP: 34/37 MP: 2/2
  1839 | D:4      | Reached XP level 5. HP: 40/42 MP: 2/2
  1872 | D:4      | Noticed Pikel
  1872 | D:4      | Noticed a slave
  1872 | D:4      | Noticed a slave
  1874 | D:4      | Noticed a slave
  1880 | D:4      | Noticed a slave
  1939 | D:4      | Killed Pikel
  1939 | D:4      | Reached skill level 6 in Short Blades
  1939 | D:4      | Reached skill level 5 in Stealth
  1939 | D:4      | Reached XP level 6. HP: 16/50 MP: 3/3
  1939 | D:4      | Reached XP level 7. HP: 17/56 MP: 3/3
  2020 | D:4      | Killed a phantom
  2023 | D:4      | Killed a freed slave
  2256 | D:4      | Noticed an ogre
  2264 | D:4      | Killed an ogre
  2563 | D:4      | Noticed a phantom
  2573 | D:4      | Reached skill level 7 in Short Blades
  2632 | D:4      | Killed a phantom
  2700 | D:5      | Entered Level 5 of the Dungeon
  3096 | D:5      | Noticed Blork the orc
  3155 | D:5      | HP: 2/56 [adder zombie (1)]
  3155 | D:5      | Killed from afar by an orc wizard

Action                   |  1- 3 |  4- 6 |  7- 9 || total
-------------------------+-------+-------+-------++-------
Melee: Dagger            |    53 |       |       ||    53
       Short sword       |    37 |   164 |   128 ||   329
 Fire: Blowgun           |       |     3 |       ||     3
  Eat: Chunk             |       |     3 |     4 ||     7
